 Dungeon Crawl Stone Soup version 0.31-a0-703-gcfe89afef6 (webtiles) character file.

Game seed: 14179433965133826829

1823 porpoise the Slicer (level 9, 0/47 HPs)
             Began as a Vine Stalker Brigand on Sept 7, 2023.
             Was an Elder of Uskayaw.
             Slain by a two-headed ogre
             ... wielding a +0 giant club
              (14 damage)
             ... on level 7 of the Dungeon on Sept 9, 2023.
             The game lasted 00:26:01 (4920 turns).

porpoise the Slicer (Vine Stalker Brigand)          Turns: 4920, Time: 00:26:02

Health: 0/47       AC: 14    Str: 14    XL:     9   Next: 10%
Magic:  0/13       EV:  9    Int: 11    God:    Uskayaw [****..]
Gold:   281        SH:  0    Dex: 20    Spells: 8/8 levels left

rFire   . . .        a - +5 dagger
rCold   . . .        (no shield)
rNeg    . . .        h - +3 scale mail
rPois   +            n - +1 helmet
rElec   .            c - +0 cloak
rCorr   .            m - +0 pair of gloves
SInv    .            A - +0 pair of boots
Will    +....        v - amulet of faith
Stlth   ++           B - ring of poison resistance
HPRegen 1.07/turn    (no ring)
MPRegen 0.13/turn

%: guardian spirit, faith
@: no status effects
A: fangs 3, regeneration 1, magic shield, antimagic bite, no potion heal 2
a: Renounce Religion, Stomp, Line Pass


You were on level 7 of the Dungeon.
You worshipped Uskayaw.
Uskayaw was noncommittal.
You visited 1 branch of the dungeon, and saw 8 of its levels.
You also visited: Ossuary.

You collected 281 gold pieces.

Inventory:

Hand Weapons
 a - a +5 dagger (weapon)
 b - a +0 sling
 o - the +0 mace "Lere" {heavy, rCorr Dex+3}
   (You took it off a hobgoblin on level 2 of the Dungeon)

   Dex+3:     It affects your dexterity (+3).
   rCorr:     It protects you from acid and corrosion.
 z - a +0 dagger of holy wrath
Missiles
 d - 8 poisoned darts (quivered)
 e - 3 curare-tipped darts
 y - a boomerang
Armour
 c - a +0 cloak (worn)
 h - a +3 scale mail (worn)
 j - a +0 ring mail
 m - a +0 pair of gloves (worn)
 n - a +1 helmet (worn)
 A - a +0 pair of boots (worn)
 G - an orb of wrath
Magical Staves
 u - a staff of conjuration
Jewellery
 v - an amulet of faith (around neck)
 B - a ring of poison resistance (left hand)
Talismans
 s - a flux talisman
Wands
 t - a wand of mindburst (11)
 H - a wand of light (8)
Scrolls
 g - 2 scrolls of poison
 i - 3 scrolls of teleportation
 p - 3 scrolls of blinking
 q - a scroll of enchant weapon
 E - a scroll of enchant armour
Potions
 f - 4 potions of curing
 k - 2 potions of haste
 l - 3 potions of attraction
 r - 2 potions of lignification
 w - a potion of brilliance
 x - 2 potions of ambrosia
 C - a potion of mutation
 D - a potion of degeneration {unknown}
 F - 2 potions of might {unknown}


   Skills:
 - Level 5.0 Fighting
 * Level 8.1 Short Blades
 - Level 1.7 Throwing
 - Level 0.7 Dodging
 + Level 6.3 Stealth
 + Level 4.2 Invocations


You had 8 spell levels left.
You didn't know any spells.
Your spell library contained the following spells:

 Spells                   Type           Power      Damage    Failure   Level
 Shock                    Conj/Air       0%         1d3       85%         1
 Stone Arrow              Conj/Erth      0%         3d7       99%         3
 Swiftness                Air            0%         N/A       99%         3
 Airstrike                Air            0%         2d(0-16)  100%        4
 Anguish                  Hex/Necr       0%         N/A       100%        4
 Animate Armour           Summ/Erth      0%         N/A       100%        4
 Cause Fear               Hex            0%         N/A       100%        4
 Manifold Assault         Tloc           0%         N/A       100%        4
 Vhi's Electric Charge    Tloc/Air       0%         N/A       100%        4
 Arcjolt                  Conj/Air       0%         1d10      100%        5
 Dispersal                Tloc           0%         N/A       100%        6
 Plasma Beam              Fire/Air       0%         2x1d10    100%        6
 Enfeeble                 Hex            0%         N/A       100%        7
 Disjunction              Tloc           0%         N/A       100%        8
 Lehudib's Crystal Spear  Conj/Erth      0%         10d2      100%        8


Dungeon Overview and Level Annotations

Branches:
Dungeon (8/15)             Temple (0/1) D:6         Ossuary (visited)
   Lair: D:8-11

Altars:
Ashenzari
Fedhas
Gozag
Hepliaklqana
Ru
Uskayaw
Yredelemnul

Annotations:
D:5 Edmund


Innate Abilities, Weirdness & Mutations

You have razor-sharp teeth.
Your natural rate of healing is unusually fast.
When hurt, damage is shared between your health and your magic reserves.
Your bite disrupts and absorbs the magic of your enemies.
Potions cannot restore your health.


Message History

The two-headed ogre hits you but does no damage.
The two-headed ogre closely misses you.
You can now pass through a line of other dancers.
You hit the two-headed ogre but do no damage.
You bite the two-headed ogre! You drain its power.
The two-headed ogre is lightly wounded.
You hit the two-headed ogre. Your bite misses the two-headed ogre.
The two-headed ogre is moderately wounded.
The two-headed ogre hits you but does no damage.
The two-headed ogre barely misses you.
You puncture the two-headed ogre!
The two-headed ogre is moderately wounded.
Uskayaw will force your foes to helplessly watch your dance.
You hit the two-headed ogre. You bite the two-headed ogre! You drain its power.
The two-headed ogre is severely wounded.
You closely miss the two-headed ogre. You bite the two-headed ogre!
You drain its power.
The two-headed ogre is almost dead.
The two-headed ogre hits you with a +0 giant club!!
The two-headed ogre hits you with a +0 giant club!
Uskayaw will force your foes to share their pain.
You hit the two-headed ogre. Your bite misses the two-headed ogre.
The two-headed ogre is almost dead.
You completely miss the two-headed ogre.
Your bite misses the two-headed ogre.
The two-headed ogre is almost dead.
The two-headed ogre hits you with a +0 giant club!
* * * LOW HITPOINT WARNING * * *
The two-headed ogre hits you with a +0 giant club.
* * * LOW HITPOINT WARNING * * *
You hit the two-headed ogre but do no damage.
The two-headed ogre is almost dead.
You hit the two-headed ogre.
The two-headed ogre is almost dead.
You hit the two-headed ogre.
You bite the two-headed ogre, but do no damage.
The two-headed ogre is almost dead.
The two-headed ogre barely misses you.
The two-headed ogre hits you with a +0 giant club!
You die...

#.. ... #.#
#.## #.# ###...
#.# #...#
#.###.#.#
#.....#(#######
#>........./..#
#######.#####.
#@# #O# ...
....# .....#
#.....# #.....#
#.....#


You could see a two-headed ogre.

Vanquished Creatures
  A wraith (Ossuary)
  Eustachio (D:6)
  A water moccasin (D:6)
  An orc warrior (D:8)
  2 sky beasts (D:6)
  An ogre (D:6)
  2 phantoms (D:5)
  A bullfrog (D:8)
  A scorpion (D:4)
  3 wights (D:8)
  A jelly (D:5)
  2 hounds
  An orc priest (D:4)
  2 sleepcaps (D:6)
  6 iguanas
  2 orc wizards (D:8)
  3 mummies (Ossuary)
  4 adders
  8 gnolls
  A white imp (D:8)
  A worm (D:3)
  2 dart slugs (D:1)
  10 orcs
  3 ball pythons
  7 bats
  8 endoplasms
  5 giant cockroaches
  2 goblins (D:4)
  11 hobgoblins
  7 jackals
  11 kobolds
  3 quokkas
  A frilled lizard (D:2)
  3 goblin zombies (Ossuary)
  4 hobgoblin zombies (Ossuary)
  4 kobold zombies (Ossuary)
  An orc zombie (Ossuary)
  A quokka zombie (D:6)
  3 rats
  A rat zombie (D:6)
132 creatures vanquished.

Notes
Turn   | Place    | Note
-------+----------+-------------------------------------------
     0 | D:1      | porpoise the Vine Stalker Brigand began the quest for the
                  | Orb.
     0 | D:1      | Reached XP level 1. HP: 11/11 MP: 2/2
    19 | D:1      | Reached skill level 2 in Short Blades
    43 | D:1      | Reached XP level 2. HP: 15/15 MP: 3/3
   518 | D:1      | Reached XP level 3. HP: 18/18 MP: 4/4
  1041 | D:2      | Reached skill level 3 in Short Blades
  1194 | D:2      | Identified the +0 mace "Lere" {heavy, rCorr Dex+3}
  1441 | D:2      | Reached XP level 4. HP: 15/23 MP: 0/5
  1806 | D:3      | Found a hide-covered altar of Uskayaw.
  1814 | D:3      | Found a blossoming altar of Fedhas.
  1816 | D:3      | Found a basalt altar of Yredelemnul.
  1817 | D:3      | Found a sacrificial altar of Ru.
  1818 | D:3      | Found a broken altar of Ashenzari.
  1819 | D:3      | Found a hazy altar of Hepliaklqana.
  1833 | D:3      | Became a worshipper of Uskayaw the Reveller
  1870 | D:3      | Reached * piety under Uskayaw
  1872 | D:3      | Reached ** piety under Uskayaw
  1875 | D:3      | Reached XP level 5. HP: 24/28 MP: 6/6
  1877 | D:3      | Reached *** piety under Uskayaw
  1883 | D:3      | Reached **** piety under Uskayaw
  1884 | D:3      | Reached skill level 4 in Short Blades
  2141 | D:4      | Reached XP level 6. HP: 32/32 MP: 5/7
  2361 | D:4      | Reached skill level 5 in Short Blades
  2813 | D:5      | Entered Level 5 of the Dungeon
  2829 | D:5      | Reached XP level 7. HP: 35/37 MP: 6/8
  2975 | D:5      | Reached skill level 1 in Invocations
  3112 | D:5      | Noticed Edmund
  3352 | D:5      | Reached skill level 6 in Short Blades
  3580 | D:5      | Found an opulent altar of Gozag.
  3785 | D:6      | Gained mutation: You have razor-sharp teeth. [Vine Stalker
                  | growth]
  3785 | D:6      | Reached XP level 8. HP: 42/42 MP: 10/10
  3796 | D:6      | Reached ***** piety under Uskayaw
  3805 | D:6      | Found a staircase to the Ecumenical Temple.
  3941 | D:6      | Noticed Eustachio
  3957 | D:6      | Killed Eustachio
  3958 | D:6      | Reached skill level 5 in Fighting
  3958 | D:6      | Reached skill level 7 in Short Blades
  3971 | D:6      | Reached skill level 5 in Stealth
  3981 | D:6      | Found a sand-covered staircase.
  3989 | Ossuary  | Entered an ossuary
  3989 | Ossuary  | Noticed a wraith
  3989 | Ossuary  | Noticed a wraith
  3989 | Ossuary  | Noticed a wraith
  4264 | Ossuary  | Noticed a wraith
  4321 | Ossuary  | Killed a wraith
  4753 | D:6      | You fall into a shaft and drop 2 floors!
  4771 | D:8      | Upgraded the game from 0.31-a0-691-g409c26aa35 to
                  | 0.31-a0-703-gcfe89afef6
  4881 | D:8      | Reached skill level 8 in Short Blades
  4881 | D:8      | Reached XP level 9. HP: 47/47 MP: 13/13
  4907 | D:7      | Noticed a two-headed ogre
  4920 | D:7      | Slain by a two-headed ogre

Illustrated notes

Levels and vault maps discovered:
D:1:      orjb1_lava_funnel, layout_loops_ring, minmay_close_crescents
D:2:      layout_rooms, minmay_misc_feat_nine_boxes,
          minmay_fractal_squares_gapless_5
D:3:      layout_rooms, minitemple, minmay_statues_item, grunt_decor_cap,
          hangedman_decor_peaks_small
D:4:      layout_cave_pools, grunt_ministairs_1
D:5:      layout_cave_pods, nicolae_gozag_cash_rules_everything_around_me,
          corexii_item_surrounded_by_moat, minivault_4,
          small_statue_intersection, uniq_edmund
D:6:      layout_basic, minmay_temple_entry_stoned_glass, enter_ossuary_4,
          uniq_eustachio, uniq_duvessa
D:7:      layout_basic, uniq_maggie
D:8:      layout_loops_ring, old_standard_altar, doesnt_xom_only_xom,
          uniq_maurice

Skill      XL: |  1  2  3  4  5  6  7  8 |
---------------+-------------------------+-----
Short Blades   | 2 3 4 5 6 8 |  8.1
Fighting       | 2 3 4 5 |  5.0
Invocations    | 2 4 |  4.2
Stealth        | 6 |  6.3
Throwing       | |  1.7
Dodging        | |  0.7

Action                     |  1- 3 |  4- 6 |  7- 9 || total
---------------------------+-------+-------+-------++-------
  Melee: Dagger            |    78 |   149 |   268 ||   495
         Bite              |    17 |    39 |    69 ||   125
         Punch             |       |     5 |     3 ||     8
  Throw: Dart              |    17 |    18 |     1 ||    36
 Invoke: Stomp             |       |     1 |       ||     1
    Use: Scroll            |       |     6 |    10 ||    16
         Potion            |       |       |     2 ||     2
   Stab: Sleeping          |     7 |     2 |     4 ||    13
         Distracted        |     1 |       |       ||     1
         Paralysed         |       |     5 |     9 ||    14
 Armour: Robe              |    13 |       |       ||    13
         Ring mail         |    24 |    15 |       ||    39
         Scale mail        |       |    68 |   103 ||   171
         Skin              |       |       |    29 ||    29
  Dodge: Dodged            |    25 |    50 |    48 ||   123

Table legend: (Time is in decaauts)
 A = Elapsed time spent in this place.
 B = Non-inter-level travel time spent in this place.
 C = Inter-level travel time spent in this place.
 D = Time resting spent in this place.
 E = Time spent auto-exploring this place.
 F = Levels seen in this place.
 G = Mean time per level.
                   A        B        C        D        E       F      G
               +--------+--------+--------+--------+--------+-----+--------+
         Total |   4775 |   4636 |    139 |    813 |   2495 |   9 |  530.6 |
       Dungeon |   4309 |   4170 |    139 |    778 |   2349 |   8 |  538.6 |
       Ossuary |    466 |    466 |      0 |     35 |    146 |   1 |  466.0 |
               +--------+--------+--------+--------+--------+-----+--------+

Top non-repeatable levels by time:
     D:5: 903 daAuts
     D:1: 802 daAuts
     D:4: 769 daAuts
     D:2: 707 daAuts
     D:3: 496 daAuts
     D:6: 481 daAuts
 Ossuary: 466 daAuts
     D:8: 133 daAuts
     D:7: 15 daAuts
